 Dungeon Sprint DCSS version 0.17-a0-1718-g72dbe4d (webtiles) character file.

2473 Kidiri the Protected (level 9, 0/124 HPs)
             Began as a Minotaur Fighter on Aug 24, 2015.
             Was a High Priest of Okawaru.
             Slain by a 13-headed hydra (7 damage)
             ... in the Dungeon (Sprint VII: "The Pits").
             The game lasted 00:03:22 (571 turns).

Kidiri the Protected (Minotaur Fighter)              Turns: 571, Time: 00:03:22

Health: 0/124      AC: 15    Str: 30    XL:     9   Next: 26%
Magic:  9/13       EV: 11    Int:  5    God:    Okawaru [*****.]
Gold:   0          SH: 13    Dex:  9    Spells: 0 memorised, 8 levels left

rFire  . . .     SeeInvis .     a - +0 war axe
rCold  . . .     Clarity  .     s - +3 chain mail
rNeg   . . .     SustAt   .     c - +0 shield
rPois  .         Gourm    .     (helmet restricted)
rElec  .         Spirit   .     (no cloak)
rCorr  .         Warding  .     (no gloves)
rMut   .         NoTele   +     (no boots)
MR     .....                    (no amulet)
Stlth  ..........               (no ring)
                                (no ring)

@: berserking (expiring), very quick, not resistant to hostile enchantments,
extremely unstealthy
A: retaliatory headbutt, horns 2
a: Heroism, Finesse, Renounce Religion


You were in the Dungeon.
You worshipped Okawaru.
Okawaru was extremely pleased with you.
You were not hungry.

You visited 1 branch

Inventory:

Hand weapons
 a - a +0 war axe (weapon)
Armour
 c - a +0 shield (worn)
 s - a +3 chain mail (worn)
Scrolls
 k - a scroll of blinking
 p - 3 scrolls of remove curse
 q - 5 scrolls of amnesia
 r - a scroll of summoning
Potions
 d - a potion of might
 f - 6 potions of curing
 g - 5 potions of heal wounds
 h - a potion of haste
 i - 4 potions of magic
 j - 2 potions of berserk rage
 o - 2 potions of invisibility
Comestibles
 e - 8 bread rations
 m - 40 fruits
 n - 7 meat rations


   Skills:
 + Level 9.3 Fighting
 * Level 12.1 Axes
 * Level 12.3 Armour
 + Level 7.9 Dodging
 * Level 12.3 Shields
 + Level 6.9 Invocations


You had 8 spell levels left.
You didn't know any spells.

Dungeon Overview and Level Annotations

Branches:
Dungeon (1/1)

Altars:
Ashenzari
Cheibriados
Dithmenos
Elyvilon
Fedhas
Gozag
Kikubaaqudgha
Makhleb
Nemelex Xobeh
Okawaru
Qazlal
Ru
Sif Muna
Trog
Vehumet
Xom
Yredelemnul
Zin
The Shining One
Beogh
Jiyva
Lugonu


Innate Abilities, Weirdness & Mutations

You reflexively headbutt those who attack you in melee.
You have a pair of horns on your head.


Message History

The 12-headed hydra bites you but does no damage.
The 12-headed hydra bites you.
* * * LOW HITPOINT WARNING * * *
The 12-headed hydra bites you but does no damage. x4
You chop one of the 12-headed hydra's heads off!
The 11-headed hydra grows two more!
You hit the 13-headed hydra.
The 13-headed hydra is moderately wounded.
The 13-headed hydra barely misses you. The 13-headed hydra bites you.
* * * LOW HITPOINT WARNING * * *
You block the 13-headed hydra's attack.
The 13-headed hydra completely misses you.
You block the 13-headed hydra's attack. The 13-headed hydra bites you.
* * * LOW HITPOINT WARNING * * *
The 13-headed hydra bites you but does no damage.
You block the 13-headed hydra's attack.
The 13-headed hydra bites you but does no damage.
You block the 13-headed hydra's attack.
The 13-headed hydra completely misses you.
The 13-headed hydra closely misses you. The 13-headed hydra bites you!
You die...

#.##+#.....##...<...#
#.#........##.......#
#.#........##.......#
#'###########.......#
#..)))..#.. #########
#..###).#.######
#.......#)#....#
##.###.##+#)...#
#.......#.@[...+
#..###..#+#D...#
#.......'.#....#
################


You could see a 13-headed hydra.

Vanquished Creatures
  Gastronok (D)
  2 deep elf fighters (D)
  A necrophage (D)
  An ice beast (D)
  A centaur (D)
  A brain worm (D)
  4 wights (D)
  A jelly (D)
  A gnoll shaman (D)
  A mummy (D)
  3 gnolls (D)
  A river rat (D)
  An adder (D)
  An ufetubus (D)
  A giant gecko (D)
  2 hobgoblins (D)
  3 giant newts (D)
26 creatures vanquished.

Notes
Turn   | Place    | Note
--------------------------------------------------------------
     0 | D        | Kidiri the Minotaur Fighter began the quest for the Orb.
     0 | D        | Reached XP level 1. HP: 19/19 MP: 0/0
    27 | D        | Reached skill level 4 in Armour
    27 | D        | Reached skill level 1 in Dodging
    58 | D        | Found a sacrificial altar of Ru.
    58 | D        | Found a basalt altar of Yredelemnul.
    58 | D        | Found a shadowy altar of Dithmenos.
    58 | D        | Found a deep blue altar of Sif Muna.
    58 | D        | Found a burning altar of Makhleb.
    58 | D        | Found a shimmering altar of Xom.
    58 | D        | Found an ancient bone altar of Kikubaaqudgha.
    58 | D        | Found a sparkling altar of Nemelex Xobeh.
    59 | D        | Found a glowing golden altar of the Shining One.
    59 | D        | Found a bloodstained altar of Trog.
    59 | D        | Found a shattered altar of Ashenzari.
    59 | D        | Found a white marble altar of Elyvilon.
    59 | D        | Found a snail-covered altar of Cheibriados.
    59 | D        | Found a blossoming altar of Fedhas.
    59 | D        | Found a radiant altar of Vehumet.
    59 | D        | Found a glowing silver altar of Zin.
    59 | D        | Found a corrupted altar of Lugonu.
    59 | D        | Found a viscous altar of Jiyva.
    59 | D        | Found a roughly hewn altar of Beogh.
    59 | D        | Found an iron altar of Okawaru.
    65 | D        | Found a stormy altar of Qazlal.
    66 | D        | Found an opulent altar of Gozag.
    68 | D        | Became a worshipper of Warmaster Okawaru
    83 | D        | Noticed a brain worm
    88 | D        | Killed a brain worm
    88 | D        | Acquired Okawaru's first power
    88 | D        | Reached skill level 5 in Axes
    88 | D        | Reached skill level 5 in Armour
    88 | D        | Reached skill level 5 in Shields
    88 | D        | Reached skill level 1 in Invocations
    88 | D        | Reached XP level 2. HP: 25/28 MP: 0/2
    88 | D        | Reached XP level 3. HP: 31/35 MP: 0/3
    88 | D        | Reached XP level 4. HP: 36/41 MP: 0/4
   138 | D        | Reached skill level 6 in Armour
   181 | D        | Noticed a necrophage
   184 | D        | Reached skill level 5 in Fighting
   196 | D        | Killed a necrophage
   196 | D        | Reached skill level 7 in Armour
   196 | D        | Reached XP level 5. HP: 34/50 MP: 4/6
   296 | D        | Noticed an ice beast
   301 | D        | Noticed a gnoll shaman
   303 | D        | Killed an ice beast
   303 | D        | Reached skill level 8 in Armour
   303 | D        | Reached XP level 6. HP: 52/57 MP: 4/7
   308 | D        | Killed a gnoll shaman
   315 | D        | Noticed a centaur
   316 | D        | Noticed a deep elf fighter
   321 | D        | Killed a centaur
   321 | D        | Reached skill level 5 in Dodging
   327 | D        | Killed a deep elf fighter
   327 | D        | Reached skill level 9 in Axes
   327 | D        | Reached XP level 7. HP: 26/66 MP: 6/9
   520 | D        | Noticed a jelly
   522 | D        | Killed a jelly
   530 | D        | Noticed a wight
   530 | D        | Noticed a wight
   530 | D        | Noticed a wight
   530 | D        | Noticed a wight
   533 | D        | Killed a wight
   533 | D        | Reached skill level 5 in Invocations
   536 | D        | Killed a wight
   541 | D        | Killed a wight
   541 | D        | Reached skill level 10 in Armour
   543 | D        | Killed a wight
   543 | D        | Reached skill level 10 in Shields
   556 | D        | Noticed a deep elf fighter
   556 | D        | Noticed a six-headed hydra
   556 | D        | Noticed Gastronok
   567 | D        | Killed a deep elf fighter
   567 | D        | Reached skill level 10 in Axes
   570 | D        | Killed Gastronok
   570 | D        | Acquired Okawaru's second power
   570 | D        | Received a gift from Okawaru
   570 | D        | Reached skill level 12 in Axes
   570 | D        | Reached XP level 8. HP: 20/78 MP: 9/12
   570 | D        | Reached XP level 9. HP: 21/83 MP: 9/13
   571 | D        | Slain by a 13-headed hydra

Vault maps used:
D:        pitsprint

Action                   |  1- 3 |  4- 6 |  7- 9 || total
-------------------------+-------+-------+-------++-------
Melee: War axe           |     7 |    49 |    30 ||    86
Invok: Heroism           |       |     1 |     1 ||     2
  Use: Potion            |       |       |     2 ||     2
 Stab: Distracted        |       |     1 |       ||     1
